 Dungeon Crawl Stone Soup version 0.21.1-1-g345015f (webtiles) character file.

37485 Galewin the Executioner (level 13, -9/102 (103) HPs)
             Began as a Minotaur Berserker on June 7, 2018.
             Was a High Priest of Trog.
             Mangled by a komodo dragon (18 damage)
             ... on level 14 of the Dungeon.
             The game lasted 00:37:56 (12339 turns).

Galewin the Executioner (Minotaur Berserker)       Turns: 12339, Time: 00:37:57

HP:   -9/102 (103)  AC: 18    Str: 27    XL:     13   Next: 58%
MP:   0/12          EV: 12    Int:  4    God:    Trog [*****.]
Gold: 734           SH:  0    Dex: 10    Spells: 12/12 levels left

rFire    . . .     SeeInvis .   g - +5 executioner's axe of the King {chop, +Rage +Inv MR++}
rCold    + . .     Gourm    .   (shield currently unavailable)
rNeg     + . .     Faith    .   a - +1 plate armour
rPois    +         Spirit   +   (helmet restricted)
rElec    .         Reflect  .   p - +0 cloak of Spite {MR+}
rCorr    .         Harm     .   v - +2 pair of gloves
MR       +++..                  (no boots)
Stlth    ..........             u - amulet of guardian spirit
HPRegen  0.27/turn              b - ring "Waabauf" {rPois EV+3}
MPRegen  0.13/turn              C - ring of positive energy

@: no status effects
A: retaliatory headbutt, horns 2, cold resistance 1, mutation resistance 1
a: Berserk, Trog's Hand, Brothers in Arms, Burn Spellbooks, Renounce Religion,
Evoke Berserk Rage, Evoke Invisibility


You were on level 14 of the Dungeon.
You worshipped Trog.
Trog was extremely pleased with you.
You were not hungry.

You visited 1 branch of the dungeon, and saw 14 of its levels.
You also visited: Ice Cave.

You collected 734 gold pieces.

Inventory:

Hand Weapons
 g - the +5 executioner's axe of the King (weapon) {chop, +Rage +Inv MR++}
   (You acquired it on level 9 of the Dungeon)

   It inflicts extra damage upon your enemies.
   It affects your resistance to hostile enchantments.
   It lets you turn invisible.
   It lets you go berserk.
Armour
 a - a +1 plate armour (worn)
 p - the +0 cloak of Spite (worn) {MR+}
   (You found it on level 4 of the Dungeon)

   It affects your resistance to hostile enchantments.
 v - a +2 pair of gloves (worn)
Jewellery
 b - the ring "Waabauf" (left hand) {rPois EV+3}
   (You found it on level 9 of the Dungeon)

   [ring of evasion]

   It affects your evasion (+3).
   It protects you from poison.
 d - an uncursed ring of protection from cold
 u - an amulet of guardian spirit (around neck)
 C - a ring of positive energy (right hand)
Wands
 f - a wand of flame (26)
 k - a wand of digging (6)
 o - a wand of iceblast (35)
 w - a wand of enslavement (20)
 y - a wand of clouds (6)
 D - a wand of paralysis (18)
 G - a wand of acid (14)
Scrolls
 e - 8 scrolls of remove curse
 h - 4 scrolls of identify
 j - 2 scrolls of fog
 l - 7 scrolls of teleportation
 q - 2 scrolls of blinking
 r - 2 scrolls of enchant weapon
 A - a scroll of silence {unknown}
 B - a scroll of magic mapping
Potions
 i - 4 potions of might
 m - 2 potions of haste
 n - a potion of resistance
 s - a potion of ambrosia
 t - 4 potions of curing
 x - 2 potions of heal wounds
 z - a potion of flight
 E - 2 potions of invisibility
 F - a potion of brilliance
 I - a potion of experience {unknown}
Comestibles
 c - 21 rations
 H - 5 chunks of flesh


   Skills:
 - Level 6.5 Fighting
 * Level 23.5 Axes
 - Level 5.6 Armour
 - Level 5.2 Dodging


You had 12 spell levels left.
You didn't know any spells.

Dungeon Overview and Level Annotations

Branches:
Dungeon (14/15)            Temple (0/1) D:6            Lair (0/6) D:9
    Orc (0/2) D:11         Vaults (0/5) D:13

Altars:
Dithmenos
Elyvilon
Fedhas
Hepliaklqana
Kikubaaqudgha
Makhleb
Nemelex Xobeh
Okawaru
Zin
The Shining One

Shops:
D:4 *   D:10 :


Innate Abilities, Weirdness & Mutations

You reflexively headbutt those who attack you in melee.
You have a pair of horns on your head.
Your flesh is cold resistant. (rC+)
You are somewhat resistant to further mutation.


Message History

The komodo dragon bites you!
You are too injured to fight recklessly!
You are too injured to fight recklessly!
Your plate armour prevents you from hitting the komodo dragon.
You headbutt the komodo dragon.
The komodo dragon is moderately wounded.
The komodo dragon closely misses you.
You slash the komodo dragon!
The komodo dragon is severely wounded.
The komodo dragon bites you!
You slash the komodo dragon! Your headbutt misses the komodo dragon.
The komodo dragon is almost dead.
You hit the komodo dragon but do no damage.
The komodo dragon is almost dead.
The komodo dragon bites you!!
* * * LOW HITPOINT WARNING * * *
You closely miss the komodo dragon.
The komodo dragon is almost dead.
The komodo dragon bites you!!
You die...

....... .#.. .......#...#
.........#. .....
..≈≈≈.....## ##........
.≈≈≈≈≈.....###........#
.≈≈≈≈≈................#
.≈≈≈≈≈................##
#.≈≈≈..[l..............##
##......@................
##......................
##.....!...............
##...........≈≈≈....÷.
##.........≈≈≈≈≈.....
##........≈≈≈≈≈†....
##.......≈≈≈≈≈.....
##.......≈≈≈.<<<..
#################


You could see a komodo dragon.

Vanquished Creatures
  Kirke (D:14)
  A frost giant (IceCv)
  A fire dragon (D:14)
  Erolcha (D:11)
  A vault guard (D:13)
  2 hydras
  2 centaur warriors (D:13)
  6 two-headed ogres
  2 death yaks (IceCv)
  A tengu warrior (D:13)
  Nergalle (D:11)
  The ghost of troglodite the Skirmisher, a novice DsBe of Trog (D:8)
  2 unseen horrors
  An ugly thing (D:13)
  Pikel (D:7)
  A cyclops (D:11)
  A centaur zombie (D:14)
  2 molten gargoyles (D:11)
  2 ice devils (D:12)
  A rime drake (IceCv)
  5 trolls
  11 polar bears (IceCv)
  2 hippogriffs (D:11)
  2 shadows (D:12)
  Sigmund (D:2)
  2 water elementals (D:14)
  A wraith (D:12)
  27 yaks
  6 hogs
  2 wyverns (D:14)
  A human (D:8)
  A hungry ghost (D:13)
  2 steam dragons (D:10)
  A water moccasin (D:6)
  4 ice beasts
  5 orc warriors
  A phantom (D:8)
  9 sky beasts
  A slave (D:7)
  2 black bears
  2 necrophages
  15 wolves
  4 ogres
  The ghost of diana the Ducker, an amateur DsGl (D:3)
  14 centaurs
  A crocodile (D:13)
  2 big kobolds
  Blork the orc (D:6)
  6 bullfrogs
  A wyvern zombie (D:12)
  A wyvern skeleton (D:13)
  3 scorpions
  15 killer bees
  5 howler monkeys
  4 wights (D:6)
  3 electric eels
  5 crimson imps
  4 lava snakes (D:11)
  A quasit (D:9)
  A bullfrog zombie (D:10)
  3 jellies
  2 bullfrog skeletons
  5 hounds
  5 orc priests
  4 centaur skeletons
  Crazy Yiuf (D:2)
  9 orc wizards
  Jessica (D:2)
  Natasha (twice) (D:2)
  6 iguanas
  8 worker ants
  A killer bee zombie (D:5)
  2 hound zombies
  A hound skeleton (D:5)
  Robin (D:2)
  4 gnolls
  A howler monkey skeleton (D:6)
  14 adders
  6 river rats (D:6)
  6 shadow imps
  3 oozes
  An adder zombie (D:5)
  2 adder skeletons
  3 worms (D:2)
  3 dart slugs
  4 leopard geckos
  41 orcs
  A ball python (D:2)
  4 giant cockroaches
  10 goblins
  6 hobgoblins
  14 jackals
  14 quokkas
  A ball python zombie (D:4)
  12 bats
  5 frilled lizards
  A jackal skeleton (D:6)
  14 kobolds
  2 leopard gecko skeletons
  A leopard gecko zombie (D:9)
  23 rats
453 creatures vanquished.

Vanquished Creatures (collateral kills)
  A lava snake (D:11)
1 creature vanquished.

Vanquished Creatures (others)
  2 polar bears (IceCv)
  2 yaks (IceCv)
  A slave (D:7)
  A wolf (IceCv)
  A leopard gecko (D:7)
7 creatures vanquished.

Grand Total: 461 creatures vanquished

Notes
Turn   | Place    | Note
-------+----------+-------------------------------------------
     0 | D:1      | Galewin the Minotaur Berserker began the quest for the Orb.
     0 | D:1      | Reached XP level 1. HP: 19/19 MP: 0/0
   117 | D:1      | Reached XP level 2. HP: 20/27 MP: 1/1
   123 | D:1      | Reached skill level 4 in Axes
   305 | D:1      | Reached XP level 3. HP: 22/33 MP: 2/2
   625 | D:2      | Reached skill level 5 in Axes
   628 | D:2      | Noticed Sigmund
   628 | D:2      | Reached ** piety under Trog
   647 | D:2      | Killed Sigmund
   647 | D:2      | Reached skill level 7 in Axes
   647 | D:2      | Reached XP level 4. HP: 19/40 MP: 3/3
   647 | D:2      | Reached XP level 5. HP: 22/46 MP: 4/4
   914 | D:2      | Found a white marble altar of Elyvilon.
   972 | D:2      | Found a runed door.
  1013 | D:2      | Found a glowing golden altar of the Shining One.
  1032 | D:2      | Noticed Jessica
  1041 | D:2      | Killed Jessica
  1074 | D:2      | Reached XP level 6. HP: 51/52 MP: 5/5
  1084 | D:2      | Noticed Robin
  1098 | D:2      | Killed Robin
  1098 | D:2      | Reached skill level 8 in Axes
  1246 | D:2      | Noticed Natasha
  1256 | D:2      | Killed Natasha
  1260 | D:2      | Found a hazy altar of Hepliaklqana.
  1263 | D:2      | Found a burning altar of Makhleb.
  1266 | D:2      | Found a blossoming altar of Fedhas.
  1383 | D:2      | Noticed Natasha
  1387 | D:2      | Killed Natasha
  1528 | D:2      | Noticed Crazy Yiuf
  1531 | D:2      | Killed Crazy Yiuf
  1614 | D:3      | Noticed diana's ghost (amateur DsGl)
  1620 | D:3      | Killed diana's ghost
  1620 | D:3      | Reached skill level 9 in Axes
  1649 | D:3      | Reached XP level 7. HP: 41/58 MP: 6/6
  1651 | D:3      | Reached *** piety under Trog
  1660 | D:3      | Found an ancient bone altar of Kikubaaqudgha.
  1709 | D:3      | Found a sparkling altar of Nemelex Xobeh.
  1928 | D:3      | Found a faded altar of an unknown god.
  2212 | D:4      | Got an ichor-stained cloak
  2216 | D:4      | Identified the +0 cloak of Spite {MR+} (You found it on level 4 of the Dungeon)
  2450 | D:4      | Found Podin's General Store.
  2470 | D:4      | Reached skill level 10 in Axes
  2514 | D:4      | Found an iron altar of Okawaru.
  2636 | D:5      | Entered Level 5 of the Dungeon
  2860 | D:5      | Found a glowing silver altar of Zin.
  3108 | D:5      | Reached skill level 11 in Axes
  3113 | D:5      | Reached **** piety under Trog
  3338 | D:5      | Reached XP level 8. HP: 61/66 MP: 7/7
  3381 | D:5      | Gained mutation: You are somewhat resistant to further mutation. [potion of mutation]
  3381 | D:5      | Gained mutation: Your flesh is cold resistant. (rC+) [potion of mutation]
  3480 | D:6      | Reached skill level 12 in Axes
  3567 | D:6      | Reached skill level 13 in Axes
  3621 | D:6      | Noticed Blork the orc
  3632 | D:6      | Killed Blork the orc
  3753 | D:6      | Reached ***** piety under Trog
  3918 | D:6      | Reached XP level 9. HP: 66/71 MP: 8/8
  3993 | D:6      | Reached skill level 14 in Axes
  4370 | D:6      | Found a staircase to the Ecumenical Temple.
  4435 | D:7      | Noticed Pikel
  4443 | D:7      | Killed Pikel
  4443 | D:7      | Reached skill level 15 in Axes
  4890 | D:7      | Reached skill level 16 in Axes
  5475 | D:8      | Noticed a two-headed ogre
  5476 | D:8      | Noticed a two-headed ogre
  5481 | D:8      | Killed a two-headed ogre
  5481 | D:8      | Reached XP level 10. HP: 77/77 MP: 9/9
  5483 | D:8      | Killed a two-headed ogre
  5483 | D:8      | Reached skill level 17 in Axes
  5488 | D:8      | Received a gift from Trog
  6096 | D:8      | Noticed a two-headed ogre
  6102 | D:8      | Killed a two-headed ogre
  6102 | D:8      | Reached skill level 18 in Axes
  6583 | D:8      | Noticed troglodite's ghost (novice DsBe)
  6592 | D:8      | Killed troglodite's ghost
  6592 | D:8      | Reached XP level 11. HP: 84/84 MP: 10/10
  6880 | D:9      | Identified a scroll of acquirement
  6883 | D:9      | Got a smoking executioner's axe
  6884 | D:9      | Identified the +5 executioner's axe of the King {chop, +Rage +Inv MR++} (You acquired it on level 9 of the Dungeon)
  6954 | D:9      | Got a wavering bone ring
  6977 | D:9      | Found a shadowy altar of Dithmenos.
  7018 | D:9      | Reached skill level 5 in Fighting
  7440 | D:9      | Found a staircase to the Lair.
  7823 | D:10     | Entered Level 10 of the Dungeon
  7985 | D:10     | Killed an unseen horror
  8142 | D:10     | Found Jynafuig's Book Emporium.
  8785 | D:11     | Noticed Erolcha
  8793 | D:11     | Reached skill level 5 in Armour
  8795 | D:11     | Killed Erolcha
  8911 | D:11     | Reached skill level 5 in Dodging
  9018 | D:11     | Reached skill level 19 in Axes
  9120 | D:11     | Found a staircase to the Orcish Mines.
  9232 | D:11     | Noticed Nergalle
  9242 | D:11     | Killed Nergalle
  9477 | D:11     | Noticed a four-headed hydra
  9481 | D:11     | Killed a six-headed hydra
  9561 | D:11     | Received a gift from Trog
  9689 | D:11     | Reached XP level 12. HP: 64/96 MP: 8/11
  9756 | D:12     | Noticed a two-headed ogre
  9761 | D:12     | Killed a two-headed ogre
  9807 | D:12     | Reached skill level 20 in Axes
  9975 | D:12     | Noticed a two-headed ogre
  9980 | D:12     | Killed a two-headed ogre
 10109 | D:12     | Found a frozen archway.
 10128 | IceCv    | Entered an ice cave
 10437 | IceCv    | Reached skill level 21 in Axes
 10695 | IceCv    | Noticed a death yak
 10700 | IceCv    | Killed a death yak
 11057 | IceCv    | Noticed a frost giant
 11057 | IceCv    | Noticed a death yak
 11067 | IceCv    | Received a gift from Trog
 11068 | IceCv    | Killed a death yak
 11069 | IceCv    | Reached skill level 22 in Axes
 11071 | IceCv    | Killed a frost giant
 11071 | IceCv    | Reached XP level 13. HP: 102/102 MP: 9/12
 11156 | IceCv    | Identified the ring "Waabauf" {rPois EV+3} (You found it on level 9 of the Dungeon)
 11937 | D:13     | Reached skill level 23 in Axes
 11955 | D:13     | Found a gate to the Vaults.
 12137 | D:14     | Noticed Kirke
 12148 | D:14     | Killed Kirke
 12313 | D:14     | Noticed a fire dragon
 12323 | D:14     | Killed a fire dragon
 12339 | D:14     | Mangled by a komodo dragon

Skill      XL: |  1  2  3  4  5  6  7  8  9 10 11 12 13 |
---------------+----------------------------------------+-----
Axes           | 4 7 9 11 13 16 18 19 22 23 | 23.5
Fighting       | 4 6 |  6.5
Armour         | 3 5 |  5.6
Dodging        | 3 5 |  5.2

Action                   |  1- 3 |  4- 6 |  7- 9 | 10-12 | 13-15 || total
-------------------------+-------+-------+-------+-------+-------++-------
Melee: Hand axe          |    53 |   100 |   165 |       |       ||   318
       Headbutt          |     8 |    23 |    50 |    63 |    25 ||   169
       Unarmed           |       |     1 |       |       |       ||     1
       War axe           |       |       |   186 |   108 |       ||   294
       Executioner's axe |       |       |       |   318 |   116 ||   434
Invok: Berserk           |     1 |     4 |     5 |     8 |     3 ||    21
       Trog's Hand       |     1 |     1 |     1 |     3 |     1 ||     7
       Burn Spellbooks   |       |       |     2 |     1 |       ||     3
       Brothers in Arms  |       |       |       |     3 |       ||     3
 Abil: Evoke Invisibilit |       |       |       |     1 |       ||     1
  Use: Scroll            |       |       |    14 |     6 |     8 ||    28
       Potion            |       |       |     8 |       |       ||     8
 Stab: Distracted        |       |       |       |     1 |       ||     1
  Eat: Chunk             |       |     8 |    11 |    20 |     9 ||    48
       Ration            |       |       |     2 |     2 |       ||     4
Armor: Animal skin       |     5 |       |       |       |       ||     5
       Chain mail        |    20 |    50 |    68 |       |       ||   138
       Plate armour      |       |       |   102 |   287 |    69 ||   458
Dodge: Dodged            |    43 |    60 |   120 |   148 |    60 ||   431
